 Dungeon Crawl Stone Soup version 0.27.0-1-g7a089689b8 (webtiles) character file.

Game seed: 10969794628202468981

11 Sobieck the Grasshopper (level 2, -1/29 HPs)
             Began as an Ogre Warper on Aug 9, 2021.
             Slain by a hobgoblin (2 damage)
             ... on level 1 of the Dungeon.
             The game lasted 00:01:11 (439 turns).

Sobieck the Grasshopper (Ogre Warper)                Turns: 439, Time: 00:01:12

Health: -1/29      AC:  3    Str: 14    XL:     2   Next: 25%
Magic:  5/5        EV:  9    Int: 14    God:
Gold:   2          SH:  0    Dex:  8    Spells: 3/5 levels left

rFire    . . .     SeeInvis .   a - +0 mace {mace}
rCold    . . .     Faith    .   (no shield)
rNeg     . . .     Spirit   .   b - +0 robe
rPois    .         Reflect  .   (helmet restricted)
rElec    .         Harm     .   (no cloak)
rCorr    .         Rampage  .   (gloves unavailable)
Will     .....                  (boots unavailable)
Stlth    +.........             (no amulet)
HPRegen  0.09/turn              (no ring)
MPRegen  0.09/turn              (no ring)

@: no status effects
A: large, unfitting armour, tough skin 1
a: no special abilities


You were on level 1 of the Dungeon.
You visited 1 branch of the dungeon, and saw 1 of its levels.

You collected 2 gold pieces.


Innate Abilities, Weirdness & Mutations

You are too large for most types of armour.
You have tough skin. (AC +1)


   Skills:
 - Level 2.6 Fighting
 + Level 2.6 Maces & Flails
 - Level 1.0 Throwing
 - Level 2.1 Dodging
 - Level 2.4 Spellcasting
 - Level 2.6 Translocations


You had 3 spell levels left.
You knew the following spells:

 Your Spells              Type           Power      Damage    Failure   Level
a - Blink                 Tloc           N/A        N/A       12%         2

Your spell library contained the following spells:

 Spells                   Type           Power      Damage    Failure   Level
 Gell's Gravitas          Tloc           4%         N/A       22%         3
 Lesser Beckoning         Tloc           4%         N/A       22%         3
 Teleport Other           Tloc           9%         N/A       22%         3
 Manifold Assault         Tloc           9%         N/A       91%         5

Inventory:

Hand Weapons
 a - a +0 mace (weapon) {mace}
Missiles
 d - 5 boomerangs of dispersal (quivered) {=f!fthrowing}
Armour
 b - a +0 robe (worn)
 e - a scarf of invisibility
   (You found it on level 1 of the Dungeon)
Scrolls
 c - a scroll of blinking {!r}
 f - a scroll of amnesia {unknown}
 g - a scroll of fog {unknown}

Dungeon Overview and Level Annotations

Branches:
Dungeon (1/15)

Altars:

##..... #.........
#[...... #.......#
#....... #.......#
#......# #.......#
#......# #.......#
#......#######.......#
##......................
......≈≈gg≈≈≈≈≈≈≈≈≈≈≈≈≈≈
####.≈.@8.†........8..≈
#.≈.##############.≈
#.≈8#≈≈≈≈≈#.§≈.#.# ≈
#.≈.#≈...≈#§§≈§#.#
#.≈.#≈.#.≈#.≈≈.#.#
#.≈8#≈.#.≈#§§≈.#.#
#.≈.#≈.#.≈#.≈≈.#.#
#...'..#..'...§'.#
#...'..#.['....'<#


You could see a gnoll and a hobgoblin.


Message History

The bat barely misses you. The bat hits you but does no damage.
The bat barely misses you. The bat hits you. The bat hits you.
The bat hits you but does no damage. The bat hits you but does no damage.
The bat hits you but does no damage.
You closely miss the bat. The bat barely misses you.
The bat hits you but does no damage. The bat hits you but does no damage. x2
You hit the bat. The bat hits you but does no damage.
You hit the bat.
You kill the bat!
No target in view!
You enter the shallow water.
Moving in this stuff is going to be slow.
f - a scroll labelled JURISI OSIO
There are no items here.
g - a scroll labelled BEM PUEKKOED A bat comes into view.
Danger!
You start resting.
The frilled lizard hisses angrily.
Danger!
The bat hits you but does no damage.
You barely miss the bat. The bat closely misses you.
The bat hits you but does no damage. x2
You barely miss the bat. The bat hits you but does no damage.
The bat hits you but does no damage.
You enter the shallow water.
Moving in this stuff is going to be slow.
The bat hits you. The bat hits you but does no damage.
You closely miss the bat. The bat hits you.
The frilled lizard bites you but does no damage.
The bat barely misses you. The frilled lizard barely misses you.
You hit the bat.
You kill the bat!
The frilled lizard barely misses you.
You closely miss the frilled lizard. The frilled lizard bites you.
The frilled lizard bites you but does no damage.
You barely miss the frilled lizard. The frilled lizard closely misses you.
You barely miss the frilled lizard. The frilled lizard barely misses you.
The frilled lizard closely misses you.
You miss the frilled lizard.
The frilled lizard bites you but does no damage.
You sock the frilled lizard!
You kill the frilled lizard!
No target in view!
You enter the shallow water.
Moving in this stuff is going to be slow.
A gnoll comes into view. It is wielding a +0 whip.
The gnoll shouts!
Danger!
You enter the shallow water.
Moving in this stuff is going to be slow.
You see here a bat corpse.
You enter the shallow water.
Moving in this stuff is going to be slow.
A gnoll is nearby!
Unknown command.
You closely miss the gnoll.
The gnoll splashes around in the water.
You hit the gnoll but do no damage. The gnoll barely misses you.
You closely miss the gnoll. The gnoll closely misses you.
The gnoll hits you with a +0 whip!
You hit the gnoll. The gnoll hits you with a +0 whip.
* * * LOW HITPOINT WARNING * * *
You completely miss the gnoll. The gnoll barely misses you.
Unknown command.
You barely miss the gnoll.
The gnoll splashes around in the water.
A hobgoblin comes into view.
The gnoll hits you with a +0 whip.
* * * LOW HITPOINT WARNING * * *
The hobgoblin shouts!
You hit the gnoll but do no damage. The gnoll hits you with a +0 whip.
* * * LOW HITPOINT WARNING * * *
Unknown command.
You closely miss the gnoll. The gnoll hits you with a +0 whip.
* * * LOW HITPOINT WARNING * * *
Unknown command.
You hit the gnoll but do no damage. The gnoll hits you with a +0 whip.
* * * LOW HITPOINT WARNING * * *
Unknown command.
You hit the gnoll. The gnoll barely misses you.
The gnoll splashes around in the water.
Unknown command.
You closely miss the gnoll. The gnoll hits you with a +0 whip.
* * * LOW HITPOINT WARNING * * *
Unknown command.
You barely miss the gnoll. The gnoll hits you with a +0 whip.
* * * LOW HITPOINT WARNING * * *
The hobgoblin closely misses you.
Unknown command.
You closely miss the gnoll. The gnoll barely misses you.
The hobgoblin hits you.
* * * LOW HITPOINT WARNING * * *
Unknown command.
You barely miss the gnoll. The gnoll closely misses you.
The hobgoblin hits you.
You die...

Skill      XL: |  1 |
---------------+----+-----
Maces & Flails | 2 |  2.6
Fighting       | |  2.6
Throwing       | |  1.0
Dodging        | |  2.1
Spellcasting   | |  2.4
Translocations | |  2.6

Action                   || total
-------------------------++-------
Melee: Mace              ||    50
Armor: Robe              ||    30
Dodge: Dodged            ||    39

Levels and vault maps discovered:
D:1:      lightli_arrival_isolated_outpost, layout_basic,
          dreamdust_ecumenical_altar_angels_and_demons

Notes
Turn   | Place    | Note
-------+----------+-------------------------------------------
     0 | D:1      | Sobieck the Ogre Warper began the quest for the Orb.
     0 | D:1      | Reached XP level 1. HP: 22/22 MP: 3/3
    35 | D:1      | Reached skill level 2 in Maces & Flails
    60 | D:1      | HP: 4/22 [quokka (4)]
    63 | D:1      | Reached XP level 2. HP: 6/29 MP: 5/5
   315 | D:1      | Learned a level 2 spell: Blink
   433 | D:1      | HP: 7/29 [gnoll (3)]
   437 | D:1      | HP: 2/29 [gnoll (2)]
   439 | D:1      | Slain by a hobgoblin

Vanquished Creatures
  2 bats (D:1)
  An endoplasm (D:1)
  A giant cockroach (D:1)
  A hobgoblin (D:1)
  2 quokkas (D:1)
  A frilled lizard (D:1)
  A rat (D:1)
9 creatures vanquished.

Table legend:
 A = Non-vault XP
 B = Vault XP
 C = Vault XP percentage of total XP
 D = Non-vault monster count
 E = Vault monster count
 F = Vault count percentage of total count
                 A         B        C        D         E       F
            +---------+---------+-------+---------+---------+-------
      Total |      16 |       0 |   0.0 |       9 |       0 |   0.0
            +---------+---------+-------+---------+---------+-------
        D:1 |      16 |       0 |   0.0 |       9 |       0 |   0.0
            +---------+---------+-------+---------+---------+-------

Illustrated notes

Table legend:
 A = Kills in this place as a percentage of kills in entire the game.
 B = Kills by you in this place as a percentage of kills by you in the entire game.
 C = Kills by friends in this place as a percentage of kills by friends in the entire game.
 D = Other kills in this place as a percentage of other kills in the entire game.
 E = Experience gained in this place as a percentage of experience gained in the entire game.
 F = Experience gained in this place divided by the number of levels of this place that you have seen.
                   A       B       C       D       E      F
               +-------+-------+-------+-------+-------+----------------------
         Total | 100.0 | 100.0 |   N/A |   N/A | 100.0 |  16.0
       Dungeon | 100.0 | 100.0 |   N/A |   N/A | 100.0 |  16.0
               +-------+-------+-------+-------+-------+----------------------

Table legend: (Time is in decaauts)
 A = Elapsed time spent in this place.
 B = Non-inter-level travel time spent in this place.
 C = Inter-level travel time spent in this place.
 D = Time resting spent in this place.
 E = Time spent auto-exploring this place.
 F = Levels seen in this place.
 G = Mean time per level.
                   A        B        C        D        E       F      G
               +--------+--------+--------+--------+--------+-----+--------+
         Total |    463 |    463 |      0 |    271 |     27 |   1 |  463.0 |
       Dungeon |    463 |    463 |      0 |    271 |     27 |   1 |  463.0 |
               +--------+--------+--------+--------+--------+-----+--------+

Top non-repeatable levels by time:
     D:1: 463 daAuts
